AoeStats
← ivcrk826

MegaRandom

507049618Analyzed
2v2 RM · 15d ago on Sep 16, 2026· 17m 2s· 4 players
Game mode
Random Map
Map size
Medium (4 player)
Population
200
Speed
Normal
Resources
Standard
Victory
Conquest
Starting age
Dark Age
Ending age
Imperial Age
RankedLock teamsTeams togetherTeam positionsShared explorationLock speedFull tech treeHidden civsTurbo modeCheats
Victory
Defeat
🇨🇳 Franks · China
1883
+3
🇭🇰 Teutons · Hong Kong SAR China
1841
+4
🇩🇪 Burgundians · Germany
1577
-4
🇦🇷 Mongols · Argentina
1437
-3
Dawn14
0:26 Loom
3:31 Double-Bit Axe
8:09 Loom
10:48 Feudal Age
12:58 Bow Saw
13:31 Scale Mail Armor
13:34 Arson
16:11 Forging
16:42 Wheelbarrow
ivcrk826
7:31 Loom
10:33 Feudal Age
catastrophe
10:14 Feudal Age
10:52 Double-Bit Axe
11:40 Loom
16:01 Gold Mining
19:37 Castle Age
欺负我有什么好
10:37 Feudal Age
9:29 Loom
11:11 Double-Bit Axe
12:48 Town Watch
13:21 Fletching
Connection lost

Rejoining the realm…

Still unreachable

The connection could not be restored.

Session expired

The server has moved on; the page needs a fresh start.